 Dungeon Crawl Stone Soup version 0.30-a0-1-g69b7b797bf (webtiles) character file.

Game seed: 6435535881141747355

7 Nedwor the Cutter (level 1, -1/16 HPs)
             Began as a Demonspawn Gladiator on Aug 19, 2022.
             Slain by a kobold
             ... wielding a +0 short sword
              (4 damage)
             ... on level 1 of the Dungeon.
             The game lasted 00:00:29 (207 turns).

Nedwor the Cutter (Demonspawn Gladiator)             Turns: 207, Time: 00:00:30

Health: -1/16      AC:  4    Str: 14    XL:     1   Next: 83%
Magic:  1/1        EV: 12    Int:  9    God:
Gold:   21         SH:  0    Dex: 14    Spells: 0/0 levels left

rFire   . . .      SeeInvis .    a - +0 rapier
rCold   . . .      Faith    .    (no shield)
rNeg    . . .      Spirit   .    b - +0 leather armour
rPois   .          Reflect  .    c - +0 helmet
rElec   .          Harm     .    (no cloak)
rCorr   .          Rampage  .    (no gloves)
Will    .....                    (no boots)
Stlth   +.........               (no amulet)
HPRegen 0.05/turn                (no ring)
MPRegen 0.07/turn                (no ring)

@: no status effects
A: no striking features
a: no special abilities


You were on level 1 of the Dungeon.
You visited 1 branch of the dungeon, and saw 1 of its levels.

You collected 21 gold pieces.

Inventory:

Hand Weapons
 a - a +0 rapier (weapon)
Missiles
 d - 3 throwing nets (quivered)
 e - a javelin
Armour
 b - a +0 leather armour (worn)
 c - a +0 helmet (worn)
Scrolls
 g - a scroll of blinking {unknown}
Potions
 f - 2 potions of haste {unknown}


   Skills:
 + Level 2.1 Fighting
 * Level 2.9 Short Blades
 - Level 1.7 Throwing
 + Level 0.3 Armour
 + Level 2.8 Dodging


You couldn't memorise any spells.
You didn't know any spells.
Your spell library was empty.

Dungeon Overview and Level Annotations

Branches:
Dungeon (1/15)

Altars:

Shops:
D:1 **[(


Message History

You kill the kobold!
The kobold hits you with a +0 short sword.
A rat comes into view.
You hit the kobold but do no damage. The kobold barely misses you.
You hit the endoplasm.
The endoplasm is heavily wounded.
The kobold hits you with a +0 short sword.
The endoplasm closely misses you.
You hit the endoplasm.
You kill the endoplasm!
The kobold misses you.
You miss the frilled lizard.
A rat comes into view.
The frilled lizard barely misses you. The kobold closely misses you.
You closely miss the rat. The rat bites you.
The frilled lizard bites you but does no damage.
The kobold misses you.
You closely miss the rat. The rat closely misses you.
The kobold hits you with a +0 short sword.
The frilled lizard barely misses you.
You are too injured to fight recklessly!
You are too injured to fight recklessly!
You are too injured to fight recklessly!
You are too injured to fight recklessly!
You are too injured to fight recklessly!
You are too injured to fight recklessly!
You are too injured to fight recklessly!
You are too injured to fight recklessly!
You are too injured to fight recklessly!
You are too injured to fight recklessly!
You are too injured to fight recklessly!
The frilled lizard attacks as you move away!
The frilled lizard bites you.
* * * LOW HITPOINT WARNING * * *
You hit the frilled lizard.
You kill the frilled lizard!
The rat closely misses you. The kobold attacks as you move away!
The kobold hits you with a +0 short sword.
You die...

... #####..
.##....?.
........#######
........##....##
........####...##
......).###.....##
.......r##.).....#
.......K@..†.∩...#
........##.......#
..#..######.....##
. ##.# ##...## #.#
##..## #.# #..##
#.# ###.## #.#
#...# ..... #.#
##...#


You could see a kobold and a rat.

Vanquished Creatures
  2 endoplasms (D:1)
  A hobgoblin (D:1)
  A kobold (D:1)
  A bat (D:1)
  A frilled lizard (D:1)
6 creatures vanquished.

Notes
Turn   | Place    | Note
-------+----------+-------------------------------------------
     0 | D:1      | Nedwor the Demonspawn Gladiator began the quest for the
                  | Orb.
     0 | D:1      | Reached XP level 1. HP: 16/16 MP: 1/1
    13 | D:1      | Found Kaafih's General Store.
    62 | D:1      | Found Zeoshri's Assorted Antiques.
    83 | D:1      | Found Morchod's Armour Boutique.
   178 | D:1      | Found Nosiufoonn's Weapon Boutique.
   207 | D:1      | Slain by a kobold

Illustrated notes

Levels and vault maps discovered:
D:1:      mrwooster_arrival_statue, layout_rooms, serial_shops, shop,
          nicolae_shop_bloodbath_and_beyond, shop, nicolae_shop_waterfront,
          minmay_misc_feat_five

Action                   || total
-------------------------++-------
Melee: Rapier            ||    23
Armor: Leather armour    ||     5
Dodge: Dodged            ||    20

Table legend: (Time is in decaauts)
 A = Elapsed time spent in this place.
 B = Non-inter-level travel time spent in this place.
 C = Inter-level travel time spent in this place.
 D = Time resting spent in this place.
 E = Time spent auto-exploring this place.
 F = Levels seen in this place.
 G = Mean time per level.
                   A        B        C        D        E       F      G
               +--------+--------+--------+--------+--------+-----+--------+
         Total |    209 |    209 |      0 |      0 |    160 |   1 |  209.0 |
       Dungeon |    209 |    209 |      0 |      0 |    160 |   1 |  209.0 |
               +--------+--------+--------+--------+--------+-----+--------+

Top non-repeatable levels by time:
     D:1: 209 daAuts
